AoeStats
← Kotal Kahn

MegaRandom

508567063Analyzed
2v2 RM · 8d ago on Sep 23, 2026· 26m 28s· 4 players
Game mode
Random Map
Map size
Medium (4 player)
Population
200
Speed
Normal
Resources
Standard
Victory
Conquest
Starting age
Dark Age
Ending age
Imperial Age
RankedLock teamsTeams togetherTeam positionsShared explorationLock speedFull tech treeHidden civsTurbo modeCheats
Victory
Defeat
🇨🇦 Saracens · Canada
1263
+17
🇨🇦 Danes · Canada
1255
+18
🇲🇽 Tatars · Mexico
1312
-18
🇨🇱 Inca · Chile
1275
-17
Dr Kool
13:08 Feudal Age
11:25 Loom
13:10 Feudal Age
14:38 Double-Bit Axe
19:46 Castle Age
18:13 Horse Collar
21:39 Wheelbarrow
22:10 Bow Saw
22:56 Scale Barding Armor
26:40 Forging
Dobshe
8:11 Loom
13:00 Feudal Age
24:25 Horse Collar
24:32 Double-Bit Axe
Ezemic
3:27 Loom
14:21 Feudal Age
18:46 Castle Age
19:12 Fletching
19:58 Padded Archer Armor
Kotal Kahn
9:51 Loom
12:53 Feudal Age
12:58 Champi Runner
25:06 Wheelbarrow
Connection lost

Rejoining the realm…

Still unreachable

The connection could not be restored.

Session expired

The server has moved on; the page needs a fresh start.